 Dungeon Crawl Stone Soup version 0.29-a0-824-gd827844252 (webtiles) character file.

Game seed: 17993887716612615075

53 Garessta the Caller (level 3, -6/14 HPs)
             Began as a Felid Summoner on July 9, 2022.
             Killed by divine providence
             ... invoked by an orc priest
              (15 damage)
             ... on level 2 of the Dungeon.
             The game lasted 00:05:27 (1902 turns).

Garessta the Caller (Felid Summoner)                Turns: 1902, Time: 00:05:27

Health: -6/14      AC:  1    Str:  4    XL:     3   Next: 62%
Magic:  4/8        EV: 17    Int: 18    God:
Gold:   39         SH:  0    Dex: 16    Spells: 2/8 levels left
                                        Lives:  0   Deaths: 0

rFire   . . .      SeeInvis +   (weapon unavailable)
rCold   . . .      Faith    .   (shield unavailable)
rNeg    . . .      Spirit   .   (body armour unavailable)
rPois   .          Reflect  .   (helmet unavailable)
rElec   .          Harm     .   (cloak unavailable)
rCorr   .          Rampage  .   (gloves unavailable)
Will    .....                   (boots unavailable)
Stlth   ++........              (no amulet)
HPRegen 0.04/turn               (no ring)
MPRegen 0.11/turn               (no ring)

@: quick
A: very small, claws 1, fangs 3, see invisible, speed 1, shaggy fur 1, stealthy
paws, no weapons or thrown items, no armour, multi-lived
a: no special abilities


You were on level 2 of the Dungeon.
You visited 1 branch of the dungeon, and saw 2 of its levels.

You collected 72 gold pieces.
You spent 33 gold pieces at shops.

Inventory:

Scrolls
 b - a scroll of fear {unknown}
 d - 2 scrolls of identify {unknown}
 f - 2 scrolls of noise {unknown}
 g - a scroll of blinking {unknown}
Potions
 a - a potion of magic
 c - 2 potions of ambrosia {unknown}
 e - 2 potions of curing
 h - a potion of haste {unknown}


   Skills:
 - Level 2.6 Dodging
 - Level 2.6 Stealth
 + Level 3.0 Spellcasting
 + Level 4.7 Summonings


You had 2 spell levels left.
You knew the following spells:

 Your Spells              Type           Power      Damage    Failure   Level
a - Summon Small Mammal   Summ           76%        N/A       2%          1
b - Call Imp              Summ           19%        N/A       3%          2
c - Call Canine Familiar  Summ           19%        N/A       7%          3

Your spell library contained the following spells:

 Spells                   Type           Power      Damage    Failure   Level
 Summon Guardian Golem    Hex/Summ       11%        N/A       19%         3
 Summon Lightning Spire   Summ/Air       11%        N/A       52%         4
 Anguish                  Hex/Necr       1%         N/A       85%         4
 Leda's Liquefaction      Hex/Erth       1%         N/A       85%         4
 Enfeeble                 Hex            1%         N/A       100%        7
 Portal Projectile        Hex/Tloc       Unusable   N/A       N/A         3

Dungeon Overview and Level Annotations

Branches:
Dungeon (2/15)

Altars:

Shops:
D:1 !


Innate Abilities, Weirdness & Mutations

You have sharp claws.
You have razor-sharp teeth.
You have supernaturally acute eyesight. (SInv)
You cover ground quickly. (Speed+)
You are covered in fur. (AC +1)
Your paws help you pounce on unaware monsters.
You are incapable of wielding weapons or throwing items.
You cannot wear armour.
You gain extra lives every three experience levels.


Message History

The hobgoblin closely misses your quokka.
Your bat closely misses the hobgoblin.
Your quokka misses the hobgoblin.
The hobgoblin completely misses your quokka.
Your quokka bites the hobgoblin.
The hobgoblin dies!
Your iron imp disappears in a puff of smoke!
Your bat disappears in a puff of smoke!
Your quokka disappears in a puff of smoke!
HP restored.
Found a stone staircase leading down.
d - 2 scrolls labelled EPEHUV NAQIPP (gained 1)
A worm comes into view.
Casting: Summon Small Mammal (safe; 2% risk of failure)
Confirm with . or Enter, or press ? or * to list all spells.
A beastly little devil appears in a puff of flame.
Casting: Call Imp (safe; 3% risk of failure)
Confirm with . or Enter, or press ? or * to list all spells.
Your crimson imp hits the worm but does no damage.
The worm bites your crimson imp.
Your crimson imp completely misses the worm.
The worm bites your crimson imp.
Your crimson imp barely misses the worm.
Your crimson imp hits the worm.
The worm bites your crimson imp!
Your crimson imp dies!
Your crimson imp disappears in a puff of smoke!
Your quokka bites the worm.
Your quokka writhes in agony!
Your quokka dies!
Your quokka's corpse disappears in a puff of smoke!
The orc hits you from afar with a +0 trident.
Casting: Summon Small Mammal (safe; 2% risk of failure)
Confirm with . or Enter, or press ? or * to list all spells.
A shadowy apparition takes form in the air.
The orc priest shouts!
The orc closely misses you.
An orc comes into view. It is wielding a +0 club.
The orc shouts!
The orc priest mumbles some strange prayers to Beogh against you.
Beogh smites you!
Ouch! That really hurt!
You die... #. oo...........

#.. ........).#
###...####o.รท......
......o.o.<#.###
####..####..........
.....o..............
#####>...............
#............w.?.....
.#....@.o.5.#.##....
#.#..#####.#.# ...#
#..# #.#.# #.# #..#
.. # #..# ..#
#..####..##......
#.................
#..###.#.###....##
#.#... ..


You could see a worm, an orc priest, 3 orcs and a friendly shadow imp
(summoned).

Vanquished Creatures
  A ball python (D:2)
  2 bats (D:1)
3 creatures vanquished.

Vanquished Creatures (collateral kills)
  A gnoll (D:1)
  A dart slug (D:1)
  4 endoplasms
  A giant cockroach (D:1)
  5 goblins (D:1)
  6 hobgoblins
  4 kobolds (D:1)
  4 quokkas (D:1)
  A ball python (D:1)
  2 bats (D:1)
  2 frilled lizards (D:1)
  2 rats
33 creatures vanquished.

Grand Total: 36 creatures vanquished

Notes
Turn   | Place    | Note
-------+----------+-------------------------------------------
     0 | D:1      | Garessta the Felid Summoner began the quest for the Orb.
     0 | D:1      | Reached XP level 1. HP: 7/7 MP: 4/4
   114 | D:1      | Reached XP level 2. HP: 11/11 MP: 3/6
   180 | D:1      | Learned a level 2 spell: Call Imp
   805 | D:1      | Reached XP level 3. HP: 14/14 MP: 4/8
   809 | D:1      | Learned a level 3 spell: Call Canine Familiar
  1104 | D:1      | Found Layririb's Distillery.
  1112 | D:1      | Bought a potion of curing for 33 gold pieces
  1902 | D:2      | Killed from afar by an orc priest

Illustrated notes

Levels and vault maps discovered:
D:1:      heliophobic_arrival_enchanted_forest, layout_basic, serial_shops,
          shop, minmay_heptomino_d4
D:2:      layout_basic, hellmonk_ecumenical_altar_inner_sanctum

Skill      XL: |  1  2  3 |
---------------+----------+-----
Spellcasting   | 3 |  3.0
Dodging        | |  2.6
Stealth        | |  2.6
Summonings     | |  4.7

Action                   || total
-------------------------++-------
Melee: Unarmed           ||     5
 Cast: Summon Small Mamm ||    29
       Call Imp          ||    20
 Stab: Sleeping          ||     2
Dodge: Dodged            ||    17

Table legend: (Time is in decaauts)
 A = Elapsed time spent in this place.
 B = Non-inter-level travel time spent in this place.
 C = Inter-level travel time spent in this place.
 D = Time resting spent in this place.
 E = Time spent auto-exploring this place.
 F = Levels seen in this place.
 G = Mean time per level.
                   A        B        C        D        E       F      G
               +--------+--------+--------+--------+--------+-----+--------+
         Total |   1665 |   1606 |     59 |      0 |   1209 |   2 |  832.5 |
       Dungeon |   1665 |   1606 |     59 |      0 |   1209 |   2 |  832.5 |
               +--------+--------+--------+--------+--------+-----+--------+

Top non-repeatable levels by time:
     D:1: 1410 daAuts
     D:2: 254 daAuts
